 Dungeon Crawl Stone Soup version 0.26.1-11-gd32895ea62 (webtiles) character file.

Game seed: 9329000214297811624

12561 dtburroughs the Cleaver (level 11, -6/101 HPs)
             Began as a Minotaur Berserker on May 20, 2021.
             Was an Elder of Trog.
             Mangled by a komodo dragon (24 damage)
             ... on level 10 of the Dungeon.
             The game lasted 00:34:12 (15728 turns).

dtburroughs the Cleaver (Minotaur Berserker)       Turns: 15728, Time: 00:34:14

Health: -6/101     AC: 11    Str: 22    XL:     11   Next: 64%
Magic:  10/10      EV: 12    Int:  7    God:    Trog [****..]
Gold:   655        SH:  5    Dex: 10    Spells: 10/10 levels left

rFire    . . .     SeeInvis +   x - +1 hand axe (venom)
rCold    . . .     Faith    .   (no shield)
rNeg     . . .     Spirit   .   g - +0 chain mail
rPois    +         Reflect  +   (helmet restricted)
rElec    .         Harm     .   (no cloak)
rCorr    .         Rampage  .   (no gloves)
Will     ++...                  (no boots)
Stlth    ..........             v - amulet of reflection
HPRegen  1.26/turn              H - ring of see invisible
MPRegen  0.12/turn              o - ring of poison resistance

@: regenerating
A: retaliatory headbutt, horns 2
a: Renounce Religion, Berserk, Trog's Hand, Brothers in Arms


You were on level 10 of the Dungeon.
You worshipped Trog.
Trog was greatly pleased with you.
You visited 2 branches of the dungeon, and saw 11 of its levels.

You collected 655 gold pieces.

Inventory:

Hand Weapons
 a - a +0 hand axe
 x - a +1 hand axe of venom (weapon)
 G - a +2 flail of draining
 M - a +0 dire flail of protection
 P - the +1 dire flail of Tumult {antimagic, rC++ Str+2}
   (Trog gifted it to you on level 9 of the Dungeon)

   It reduces the magical energy of the wielder, and disrupts the spells and
   magical abilities of those hit.
   Natural abilities and divine invocations are not affected.
   It affects your strength (+2).
   It greatly protects you from cold.
 Q - a +1 flail of protection
 S - a +4 falchion of electrocution
Armour
 g - a +0 chain mail (worn)
 L - +0 swamp dragon scales
Jewellery
 i - an uncursed amulet of the acrobat
 k - an uncursed ring of stealth
 o - a ring of poison resistance (right hand)
 r - an uncursed ring of protection from cold
 v - an amulet of reflection (around neck)
 F - a +6 ring of intelligence {unknown}
 H - a ring of see invisible (left hand)
 J - a +6 ring of strength {unknown}
Wands
 l - a wand of flame (25)
 n - a wand of iceblast (8)
 p - a wand of paralysis (17)
 y - a wand of random effects (34)
 A - a wand of acid (18)
Scrolls
 b - 5 scrolls of identify
 c - 3 scrolls of blinking
 d - a scroll of magic mapping {unknown}
 e - 2 scrolls of enchant weapon {unknown}
 f - 7 scrolls of teleportation
 j - 2 scrolls of fog
 q - 4 scrolls of amnesia
 w - a scroll of fear {unknown}
 C - 2 scrolls of random uselessness {unknown}
 E - 4 scrolls of remove curse
 K - 2 scrolls of enchant armour {unknown}
 T - a scroll of silence {unknown}
 U - a scroll of holy word {unknown}
Potions
 h - 3 potions of curing
 m - 3 potions of might
 s - a potion of lignification {unknown}
 t - a potion of heal wounds {unknown}
 u - a potion of mutation {unknown}
 z - a potion of magic {unknown}
 B - 2 potions of flight {unknown}
 D - 2 potions of degeneration {unknown}
 I - 2 potions of attraction {unknown}
 N - 3 potions of brilliance {unknown}
 O - a potion of haste {unknown}
 R - a potion of ambrosia {unknown}


   Skills:
 + Level 10.8 Fighting
 + Level 10.8 Axes
 + Level 10.4 Armour
 + Level 9.7 Dodging
 + Level 7.1 Evocations


You had 10 spell levels left.
You didn't know any spells.
Your spell library was empty.

Dungeon Overview and Level Annotations

Branches:
Dungeon (10/15)            Temple (0/1) D:4            Lair (1/6) D:10
    Orc: D:9-12

Altars:
Fedhas
Gozag
Xom

Shops:
D:6 *   D:7 (   D:9 (

Portals:
Trove: D:10 (lose all piety)

Annotations:
D:9 1 runed translucent door, derath95's ghost, novice TrFi


Innate Abilities, Weirdness & Mutations

You reflexively headbutt those who attack you in melee.
You have a pair of horns on your head.


Message History

You climb upwards.
Welcome back to the Dungeon!
There is a staircase to the Lair, spattered with blood here.
You feel better. The komodo dragon bites you!
* * * LOW HITPOINT WARNING * * *
You hit the komodo dragon.
The komodo dragon looks as sick as possible!
The komodo dragon is heavily wounded.
The komodo dragon closely misses you.
You hit the komodo dragon.
The komodo dragon looks as sick as possible!
Your headbutt misses the komodo dragon.
The komodo dragon is severely wounded.
The komodo dragon misses you.
You hit the komodo dragon but do no damage.
The komodo dragon looks as sick as possible!
The komodo dragon is severely wounded.
Your skin crawls.
You feel strong-willed. The komodo dragon bites you!!
You die...

....'((.#####.......#
....###..(..'.......#
....# #######.......#
....# #.......# ...(#
#####'### ##'## #....#
...# #.#### #### ##.###
#..รท@# ##+#l#######
######## #........<.#
.#.#...# #..........#
.#.###.### #..........#
.#.....'.# #...>......#
######.#.###..........#
.......#...'..........#
############.......(..#


You could see a komodo dragon (extremely poisoned).

Vanquished Creatures
  3 two-headed ogres
  An ugly thing (D:8)
  Maurice (D:10)
  A komodo dragon (Lair:1)
  Grinder (D:3)
  2 wyverns
  6 yaks (D:9)
  10 humans (D:9)
  3 vampire mosquitoes (D:8)
  Edmund (D:9)
  3 water moccasins
  3 orc warriors
  A black bear (D:7)
  2 ice beasts
  A necrophage (D:6)
  4 sky beasts
  3 phantoms
  9 ogres
  3 centaurs
  7 bullfrogs
  A water moccasin zombie (D:6)
  2 wyvern skeletons
  3 scorpions
  10 killer bees
  6 howler monkeys
  16 wights
  A centaur zombie (D:9)
  3 bullfrog skeletons
  6 hounds
  A gnoll shaman (D:10)
  5 orc priests
  A jelly (D:6)
  10 orc wizards
  3 iguanas
  7 worker ants
  2 hound skeletons (D:10)
  A howler monkey zombie (D:7)
  A worker ant zombie (D:10)
  6 adders
  4 gnolls (D:10)
  A shadow imp (D:9)
  5 white imps
  2 ufetubi (D:5)
  An ooze (D:2)
  An adder skeleton (D:6)
  2 worms (D:6)
  4 dart slugs
  5 leopard geckos
  50 orcs
  A ball python (D:5)
  10 giant cockroaches
  5 goblins
  4 hobgoblins
  16 jackals
  5 kobolds
  5 quokkas
  3 bats
  6 frilled lizards
  A jackal skeleton (D:9)
  A jackal zombie (D:5)
  12 rats
294 creatures vanquished.

Vanquished Creatures (collateral kills)
  Joseph (D:10)
1 creature vanquished.

Vanquished Creatures (others)
  A manticore (D:8)
  18 fungi
19 creatures vanquished.

Grand Total: 314 creatures vanquished

Notes
Turn   | Place    | Note
-------+----------+-------------------------------------------
     0 | D:1      | dtburroughs the Minotaur Berserker began the quest for the
                  | Orb.
     0 | D:1      | Reached XP level 1. HP: 19/19 MP: 0/0
   152 | D:1      | Reached XP level 2. HP: 22/27 MP: 1/1
   882 | D:2      | Reached XP level 3. HP: 30/33 MP: 2/2
  1369 | D:2      | Reached ** piety under Trog
  1404 | D:2      | Noticed an ogre
  1414 | D:2      | Killed an ogre
  1415 | D:2      | Reached XP level 4. HP: 20/41 MP: 3/3
  1945 | D:3      | Noticed Grinder
  2043 | D:3      | Killed Grinder
  2044 | D:3      | Reached skill level 5 in Fighting
  2044 | D:3      | Reached skill level 5 in Axes
  2044 | D:3      | Reached XP level 5. HP: 45/48 MP: 4/4
  2044 | D:3      | Reached XP level 6. HP: 52/56 MP: 5/5
  2652 | D:3      | Found a faded altar of an unknown god.
  3346 | D:4      | Found a staircase to the Ecumenical Temple.
  3512 | D:4      | Reached XP level 7. HP: 62/62 MP: 6/6
  3518 | D:4      | Reached skill level 5 in Armour
  3568 | D:4      | Reached *** piety under Trog
  3778 | D:4      | Reached skill level 1 in Evocations
  4163 | D:5      | Entered Level 5 of the Dungeon
  4292 | D:5      | Reached skill level 5 in Dodging
  4952 | D:5      | Reached XP level 8. HP: 63/71 MP: 7/7
  6387 | D:6      | Reached **** piety under Trog
  6756 | D:6      | Found Suiripi's Elemental Accessories.
  6777 | D:6      | Found an opulent altar of Gozag.
  7179 | D:6      | Reached XP level 9. HP: 59/79 MP: 8/8
  8441 | D:7      | Found a blossoming altar of Fedhas.
  8450 | D:7      | Found Onacunn's Weapon Shoppe.
  9755 | D:8      | Reached XP level 10. HP: 46/90 MP: 9/9
 10083 | D:8      | Reached skill level 5 in Evocations
 10288 | D:8      | Reached ***** piety under Trog
 10564 | D:8      | Noticed a two-headed ogre
 10605 | D:7      | Killed a two-headed ogre
 11044 | D:8      | Noticed a manticore
 11049 | D:8      | Killed a manticore
 11081 | D:8      | Noticed a two-headed ogre
 11106 | D:8      | Killed a two-headed ogre
 11277 | D:8      | Noticed a brown ugly thing
 11296 | D:8      | Killed a brown ugly thing
 11936 | D:9      | Reached skill level 10 in Axes
 11947 | D:9      | Received a gift from Trog
 11953 | D:9      | Reached skill level 10 in Fighting
 11953 | D:9      | Reached XP level 11. HP: 99/99 MP: 10/10
 11997 | D:9      | Noticed Edmund
 12026 | D:9      | Got a dazzling dire flail {god gift}
 12476 | D:9      | Killed Edmund
 12535 | D:9      | Reached skill level 10 in Armour
 12711 | D:9      | Found Kiyfuhor's Weapon Boutique.
 12767 | D:9      | Found a runed translucent door.
 12768 | D:9      | Found a shimmering altar of Xom.
 12768 | D:9      | Noticed derath95's ghost (novice TrFi)
 12768 | D:9      | Noticed a +0 halberd of chaos
 13471 | D:10     | Entered Level 10 of the Dungeon
 14046 | D:10     | Found a staircase to the Lair.
 14258 | D:10     | Noticed Maurice
 14260 | D:10     | Noticed Joseph
 14260 | D:10     | Noticed a two-headed ogre
 14656 | D:10     | Killed Joseph
 14667 | D:10     | Killed Maurice
 15000 | D:10     | Found a portal to a secret trove of treasure.
 15091 | D:10     | Killed a two-headed ogre
 15360 | D:10     | Identified the +1 dire flail of Tumult {antimagic, rC++
                  | Str+2} (Trog gifted it to you on level 9 of the Dungeon)
 15363 | Lair:1   | Entered Level 1 of the Lair of Beasts
 15728 | D:10     | Mangled by a komodo dragon

Illustrated notes

Levels and vault maps discovered:
D:1:      minmay_arrival_arboretum_large, layout_basic
D:2:      layout_rooms
D:3:      layout_rooms, chequers_ecumenical_altar_twisty, uniq_grinder
D:4:      layout_loops_ring, temple_pool_b, serial_aquarium,
          aquarium_bridge_long_separate [aquarium_subvault_bridge,
          aquarium_subvault_wall, aquarium_subvault_window,
          aquarium_subvault_bridge, aquarium_subvault_window,
          aquarium_subvault_bridge], aquarium_window_corridor_3,
          aquarium_window_fake, aquarium_window_1, aquarium_view_2d,
          aquarium_view_2e, aquarium_balcony_3a, aquarium_pool_1
D:5:      layout_layer_cave, chequers_serial_rivers_room_a,
          uniq_crazy_yiuf_cottage
D:6:      layout_loops_ring, nicolae_elemental_shop, nicolae_gozag_seed_capital
D:7:      layout_rooms, lemuel_crystal_altar, serial_shops, shop
D:8:      layout_gridville, minmay_pinched_square
D:9:      erik_cavepeople, layout_basic, serial_shops, shop_statue,
          ebering_ghost_xom, st_stairs_6
D:10:     layout_roguey, lair_entry_dummy, enter_trove_3, uniq_joseph,
          uniq_maurice
Lair:1:   layout_loops_ring, lemuel_fruit_tree, lemuel_fruit_fields

Skill      XL: |  1  2  3  4  5  6  7  8  9 10 11 |
---------------+----------------------------------+-----
Fighting       | 4 5 6 7 8 10 | 10.8
Axes           | 4 5 6 7 8 10 | 10.8
Armour         | 3 4 5 6 8 9 10 | 10.4
Dodging        | 3 4 5 6 7 8 9 |  9.7
Evocations     | 2 3 4 6 7 |  7.1

Action                   |  1- 3 |  4- 6 |  7- 9 | 10-12 || total
-------------------------+-------+-------+-------+-------++-------
Melee: Hand axe          |    71 |    89 |   389 |   421 ||   970
       Headbutt          |     6 |    12 |    78 |    87 ||   183
Invok: Trog's Hand       |       |     1 |     3 |     4 ||     8
       Berserk           |       |       |     1 |       ||     1
       Brothers in Arms  |       |       |       |     1 ||     1
Evoke: Wand              |       |       |       |     5 ||     5
  Use: Scroll            |       |       |     7 |       ||     7
       Potion            |       |       |     1 |     1 ||     2
Armor: Animal skin       |     4 |       |       |       ||     4
       Chain mail        |    27 |    55 |   161 |   109 ||   352
Dodge: Dodged            |    38 |    52 |   172 |   162 ||   424
Block: Other             |       |       |    17 |    61 ||    78
       Reflection        |       |       |       |     6 ||     6
